 Dungeon Crawl Stone Soup version 0.29.1-15-g9cfb28693d (webtiles) character file.

Game seed: 7829497191358156526

282 protoss039 the Digger (level 6, -4/47 HPs)
             Began as a Demonspawn Earth Elementalist on Mar 13, 2023.
             Slain by Menkaure (8 damage)
             ... on level 4 of the Dungeon.
             The game lasted 00:04:10 (4103 turns).

protoss039 the Digger (DsEE)                        Turns: 4103, Time: 00:04:11

Health: -4/47      AC:  8    Str:  8    XL:     6   Next: 6%
Magic:  0/11       EV: 10    Int: 18    God:
Gold:   185        SH:  0    Dex: 14    Spells: 9/12 levels left

rFire   . . .      SeeInvis .   x - +0 dagger (venom)
rCold   . . .      Faith    .   (no shield)
rNeg    . . .      Spirit   +   f - +0 ring mail
rPois   .          Reflect  .   (no helmet)
rElec   .          Harm     .   (no cloak)
rCorr   .          Rampage  .   (no gloves)
Will    .....                   e - +0 pair of boots
Stlth   +.........              u - amulet of guardian spirit
HPRegen 0.15/turn               t - +4 ring of slaying
MPRegen 0.12/turn               (no ring)

@: very slightly contaminated
A: molten scales 1, foul stench 1, powered by death 2
a: no special abilities


You were on level 4 of the Dungeon.
You visited 1 branch of the dungeon, and saw 4 of its levels.

You collected 185 gold pieces.

Inventory:

Hand Weapons
 x - a +0 dagger of venom (weapon)
Armour
 e - a +0 pair of boots (worn)
 f - a +0 ring mail (worn)
Jewellery
 t - a +4 ring of slaying (left hand)
 u - an amulet of guardian spirit (around neck)
Wands
 p - a wand of digging (1)
Scrolls
 d - a scroll of teleportation {unknown}
 g - a scroll of poison {unknown}
 h - a scroll of identify {unknown}
 i - a scroll of torment {unknown}
 m - 2 scrolls of immolation {unknown}
 n - 2 scrolls of magic mapping {unknown}
 q - a scroll of noise {unknown}
 r - a scroll of enchant weapon {unknown}
 v - a scroll of blinking {unknown}
 w - a scroll of fear {unknown}
Potions
 a - 3 potions of curing {unknown}
 b - 2 potions of magic
 j - a potion of degeneration {unknown}
 k - a potion of berserk rage {unknown}
 l - 2 potions of mutation {unknown}
 o - 3 potions of haste {unknown}
 s - a potion of heal wounds {unknown}


   Skills:
 + Level 3.2 Fighting
 - Level 1.7 Dodging
 - Level 1.7 Stealth
 + Level 3.7 Spellcasting
 - Level 0.8 Transmutations
 + Level 4.1 Earth Magic


You had 9 spell levels left.
You knew the following spells:

 Your Spells              Type           Power      Damage    Failure   Level
a - Sandblast             Erth           36%        2d10      9%          1
b - Passwall              Tmut/Erth      10%        N/A       26%         2

Your spell library contained the following spells:

 Spells                   Type           Power      Damage    Failure   Level
 Beastly Appendage        Tmut           12%        N/A       32%         1
 Necrotise                Necr           12%        1d4       43%         1
 Wereblood                Tmut           6%         N/A       45%         2
 Stone Arrow              Conj/Erth      20%        3d8       52%         3
 Spider Form              Tmut/Pois      4%         N/A       75%         3
 Vampiric Draining        Necr           3%         2d6       80%         3
 Petrify                  Tmut/Erth      12%        N/A       86%         4
 Agony                    Necr           3%         N/A       100%        5


Dungeon Overview and Level Annotations

Branches:
Dungeon (4/15) Zot: 19828
 Temple: D:4-7

Altars:
Cheibriados

Annotations:
D:4 Menkaure


Innate Abilities, Weirdness & Mutations

You are partially covered in molten scales. (AC +2)
You may rarely emit foul miasma when damaged in melee.
You regenerate health from kills.


Message History

You miscast Sandblast.
You are very lightly contaminated with residual magic.
Nothing appears to happen.
Menkaure calls on the powers of darkness!
Your body is wracked with pain!
Casting: Sandblast (safe; 9% risk of failure)
Confirm with . or Enter, or press ? or * to list all spells.
Aiming: Sandblast (safe; 9% risk of failure)
Press: ? - help, Shift-Dir - straight line, f/p - Menkaure
Aim: Menkaure (fast, 91% to hit)
You miscast Sandblast.
Nothing appears to happen.
Menkaure hits you!
Unknown command.
Casting: Sandblast (safe; 9% risk of failure)
Confirm with . or Enter, or press ? or * to list all spells.
Aiming: Sandblast (safe; 9% risk of failure)
Press: ? - help, Shift-Dir - straight line, f/p - Menkaure
Aim: Menkaure (fast, 91% to hit)
The blast of sand hits Menkaure but does no damage.
Menkaure hits you. Menkaure barely misses you.
Unknown command.
Casting: Sandblast (safe; 9% risk of failure)
Confirm with . or Enter, or press ? or * to list all spells.
Aiming: Sandblast (safe; 9% risk of failure)
Press: ? - help, Shift-Dir - straight line, f/p - Menkaure
Aim: Menkaure (fast, 91% to hit)
The blast of sand hits Menkaure.
Menkaure is moderately damaged.
Menkaure hits you!
* * * LOW HITPOINT WARNING * * *
Unknown command.
Okay, then.
Casting: Sandblast (safe; 9% risk of failure)
Confirm with . or Enter, or press ? or * to list all spells.
Aiming: Sandblast (safe; 9% risk of failure)
Press: ? - help, Shift-Dir - straight line, f/p - Menkaure
Aim: Menkaure (moderately damaged, fast, 91% to hit)
The blast of sand hits Menkaure!
Menkaure is heavily damaged.
Menkaure hits you!
You die...

.....###
........#############
.....# #..........#
.....+ #..........#
<....# #..........#
.....# #..........#
.....# #..........#
.....# #..........#
.....# #..........#
#+#### #.....M@...#
+....?.....#
#..........+
#..........#
#..........#
#...........
#!...........
#.............


You could see Menkaure (fast).

Vanquished Creatures
  Grinder (D:3)
  2 adders
  2 worms (D:3)
  6 bats
  9 endoplasms
  5 giant cockroaches
  8 goblins
  5 hobgoblins
  2 quokkas
  5 ball pythons
  3 frilled lizards
  8 kobolds
  4 rats
60 creatures vanquished.

Notes
Turn   | Place    | Note
-------+----------+-------------------------------------------
     0 | D:1      | protoss039 the Demonspawn Earth Elementalist began the
                  | quest for the Orb.
     0 | D:1      | Reached XP level 1. HP: 13/13 MP: 3/3
   297 | D:1      | Gained mutation: You are partially covered in molten
                  | scales. (AC +2) [demonic ancestry]
   297 | D:1      | Reached XP level 2. HP: 20/20 MP: 3/5
   676 | D:1      | Reached skill level 1 in Fighting
   806 | D:1      | Reached skill level 3 in Earth Magic
  1140 | D:1      | Learned a level 2 spell: Passwall
  1530 | D:2      | Found a snail-covered altar of Cheibriados.
  1536 | D:2      | Reached XP level 3. HP: 26/26 MP: 4/6
  2172 | D:2      | Found a faded altar of an unknown god.
  2383 | D:3      | Noticed Grinder
  2390 | D:3      | Paralysed by Grinder for 3 turns
  2453 | D:3      | HP: 1/27 [Grinder (5)]
  2455 | D:3      | Paralysed by Grinder for 2 turns
  2750 | D:3      | Paralysed by Grinder for 3 turns
  3061 | D:3      | Killed Grinder
  3062 | D:3      | Reached skill level 4 in Earth Magic
  3062 | D:3      | Gained mutation: You regenerate a little health from kills.
                  | [demonic ancestry]
  3062 | D:3      | Reached XP level 4. HP: 25/35 MP: 2/9
  3062 | D:3      | Gained mutation: You may rarely emit foul miasma when
                  | damaged in melee. [demonic ancestry]
  3062 | D:3      | Reached XP level 5. HP: 29/41 MP: 2/10
  3272 | D:3      | Gained mutation: You regenerate health from kills. [demonic
                  | ancestry]
  3272 | D:3      | Reached XP level 6. HP: 40/47 MP: 9/11
  4095 | D:4      | Noticed Menkaure
  4103 | D:4      | Slain by Menkaure

Illustrated notes

Levels and vault maps discovered:
D:1:      lightli_arrival_isolated_outpost, layout_basic
D:2:      layout_basic, basic_altar, basic_ecumenical_altar
D:3:      layout_basic, gup_sewer_entry_glass, uniq_grinder
D:4:      layout_gridville, nicolae_uskayaw_dance_hall, trog_wizard,
          kennysheep_generic_room_10, uniq_menkaure

Skill      XL: |  1  2  3 |
---------------+----------+-----
Fighting       | 1 3 |  3.2
Earth Magic    | 3 4 |  4.1
Spellcasting   | 3 |  3.7
Dodging        | |  1.7
Stealth        | |  1.7
Transmutations | |  0.8

Action                   |  1- 3 |  4- 6 || total
-------------------------+-------+-------++-------
Melee: Short sword       |    69 |    36 ||   105
       Dagger            |       |     3 ||     3
 Cast: Sandblast         |    78 |    20 ||    98
 Stab: Sleeping          |     1 |       ||     1
Armor: Ring mail         |    74 |    28 ||   102
       Robe              |     1 |       ||     1
Dodge: Dodged            |    84 |    22 ||   106
